 Dungeon Crawl Stone Soup version 0.24-a0-613-g1ff6aac (webtiles) character file.

Game seed: 3827986821272519019, levelgen mode: deterministic

3497 qwertyuiop the Twirler (level 9, 0/67 (69) HPs)
             Began as a Demonspawn Monk on Sept 11, 2019.
             Was an Initiate of Gozag.
             Slain by a death drake (glowing shapeshifter) (2 damage)
             ... on level 8 of the Dungeon.
             The game lasted 00:16:02 (6601 turns).

qwertyuiop the Twirler (Demonspawn Monk)            Turns: 6601, Time: 00:16:05

HP:   0/67 (69)     AC: 14    Str: 18    XL:     9   Next: 80%
MP:   0/9           EV:  7    Int: 12    God:    Gozag
Gold: 564           SH:  0    Dex: 15    Spells: 8/8 levels left

rFire    . . .     SeeInvis .   s - +4 quarterstaff (chaos)
rCold    + . .     Gourm    .   (shield currently unavailable)
rNeg     . . .     Faith    .   y - +0 plate armour
rPois    .         Spirit   +   (no helmet)
rElec    .         Reflect  .   r - scarf {Spirit}
rCorr    .         Harm     .   (no gloves)
MR       .....                  (no boots)
Stlth    ..........             k - amulet of regeneration
HPRegen  0.61/turn              u - +3 ring of strength
MPRegen  0.11/turn              z - ring of ice

@: lethally poisoned (0 -> -37), gold aura, slowed, very slow
A: claws 1, slimy green scales 1, fire resistance 1, spiny 1
a: Potion Petition, Call Merchant, Bribe Branch, Renounce Religion


You were on level 8 of the Dungeon.
You worshipped Gozag.
Gozag was pleased with you.
You were not hungry.

You visited 2 branches of the dungeon, and saw 9 of its levels.

You collected 564 gold pieces.

Inventory:

Hand Weapons
 a - a +0 mace
 h - a +2 short sword of venom
 s - a +4 quarterstaff of chaos (weapon)
 v - a +0 broad axe
Missiles
 o - 41 poisoned darts (quivered)
 t - 184 stones
Armour
 b - a +0 robe
 d - a +0 ring mail
 e - a +0 chain mail
 j - a +0 plate armour
 p - a +0 shield
 r - a scarf of spirit shield (worn)
 y - a +0 plate armour (worn)
 A - a +2 robe of the Archmagi
 G - a scarf of cloud immunity
 L - a scarf of cloud immunity
Jewellery
 f - an uncursed ring of poison resistance
 k - an amulet of regeneration (around neck)
 u - a +3 ring of strength (left claw)
 z - a ring of ice (right claw)
 I - an uncursed amulet of rage
Wands
 n - a wand of random effects (13)
 B - a wand of iceblast (3)
 D - a wand of polymorph (7)
Scrolls
 g - 3 scrolls of remove curse
 l - 7 scrolls of identify
 m - 4 scrolls of teleportation
 E - a scroll of enchant armour {unknown}
 H - a scroll of enchant weapon {unknown}
 K - a scroll of acquirement {unknown}
Potions
 i - 2 potions of magic {unknown}
 q - a potion of flight {unknown}
 w - 2 potions of agility {unknown}
 x - a potion of lignification {unknown}
 C - a potion of degeneration {unknown}
 F - a potion of ambrosia {unknown}
 J - 2 potions of curing
Comestibles
 c - 6 rations


   Skills:
 + Level 6.1 Fighting
 + Level 1.7 Short Blades
 + Level 3.8(6.2) Maces & Flails
 + Level 7.8(8.2) Staves
 + Level 6.5 Armour
 + Level 3.7 Dodging
 + Level 4.5 Stealth
 + Level 0.6 Evocations


You had 8 spell levels left.
You didn't know any spells.
Your spell library was empty.

Dungeon Overview and Level Annotations

Branches:
Dungeon (8/15)             Temple (1/1) D:7
   Lair: D:8-11

Altars:
Ashenzari
Cheibriados
Dithmenos
Elyvilon
Fedhas
Gozag
Hepliaklqana
Kikubaaqudgha
Makhleb
Nemelex Xobeh
Okawaru
Qazlal
Sif Muna
Trog
Uskayaw
Vehumet
Wu Jian
Xom
Yredelemnul
Zin
The Shining One
Jiyva

Shops:
D:7 (

Annotations:
D:8 felt's ghost, novice GrFi


Innate Abilities, Weirdness & Mutations

You have sharp fingernails.
You are partially covered in slimy green scales. (AC +2)
Your flesh is heat resistant. (rF+)
You are partially covered in sharp spines.


Message History

The jelly becomes distracted by the nearby gold, dreaming of imaginary riches.
The jelly is no longer distracted by gold.
The death drake bites you but does no damage.
The death drake breathes miasma at you. The foul vapour engulfs you!
You are poisoned.
You feel your flesh rotting away!
You feel yourself slow down.
You are engulfed in dark miasma.
You are lethally poisoned!
You feel your flesh rotting away!
* * * LOW HITPOINT WARNING * * *
You feel very sick.
You are engulfed in dark miasma.
You are more poisoned.
* * * LOW HITPOINT WARNING * * *
x2 You feel very sick.
The death drake is struck by your spines.
The death drake bites you.
You die...
Your body crumbles into a pile of gold.

.###........#####.#.##.#
..................#.##.##
...#####.##########.#...#
.# #.# #.#.### ########
#.#.# ##...##.# #.#.#
#.....#.########.#.#
$.....'.J°°°°°.#.#.#
_(....$JJ°W○k@°..#.#
......'(######.###.#
#.....#..........#.#
##...##........#.#.#
###############.#.#
..........# #######.###
#.# #.#


You could see a death drake, 3 jellies and felt's ghost.

Vanquished Creatures
  Pikel (D:5)
  A troll (D:7)
  A slime creature (D:8)
  A hippogriff (D:7)
  Eustachio (D:6)
  A hungry ghost (D:7)
  A slave (D:5)
  2 orc warriors (D:6)
  4 ice beasts
  A phantom (D:6)
  3 ogres (D:4)
  3 centaurs
  2 bullfrogs
  3 scorpions
  2 wights (D:6)
  2 crimson imps
  4 orc wizards (D:4)
  Crazy Yiuf (D:2)
  A gnoll shaman (D:7)
  A hound (D:6)
  2 bullfrog skeletons
  An iguana (D:5)
  Terence (D:2)
  5 worker ants
  3 hound zombies
  A worker ant zombie (D:5)
  3 gnolls (D:7)
  9 adders
  A howler monkey skeleton (D:7)
  An adder skeleton (D:7)
  3 dart slugs (D:1)
  3 leopard geckos
  9 orcs
  3 giant cockroaches
  7 goblins
  4 hobgoblins
  7 jackals
  3 quokkas
  4 bats
  6 frilled lizards
  A giant cockroach zombie (D:6)
  A jackal zombie (D:6)
  8 kobolds
  A quokka skeleton (D:4)
  5 rats
128 creatures vanquished.

Notes
Turn   | Place    | Note
-------+----------+-------------------------------------------
     0 | D:1      | qwertyuiop the Demonspawn Monk began the quest for the Orb.
     0 | D:1      | Reached XP level 1. HP: 18/18 MP: 1/1
   239 | D:1      | Gained mutation: Your flesh is heat resistant. (rF+)
                  | [demonic ancestry]
   239 | D:1      | Reached XP level 2. HP: 22/24 MP: 2/2
   265 | D:1      | You fall into a shaft and drop 1 floor!
   523 | D:2      | Noticed Terence
   656 | D:1      | Gained mutation: You have sharp fingernails. [demonic
                  | ancestry]
   656 | D:1      | Reached XP level 3. HP: 24/29 MP: 3/3
  1074 | D:2      | Killed Terence
  1074 | D:2      | Gained mutation: You are partially covered in slimy green
                  | scales. (AC +2) [demonic ancestry]
  1074 | D:2      | Reached XP level 4. HP: 30/36 MP: 4/4
  1111 | D:2      | Found a runed translucent door.
  1112 | D:2      | Noticed Crazy Yiuf
  1679 | D:2      | Killed Crazy Yiuf
  1679 | D:2      | Reached skill level 1 in Armour
  2069 | D:3      | Reached skill level 1 in Short Blades
  2387 | D:3      | Reached XP level 5. HP: 42/42 MP: 5/5
  2766 | D:4      | Noticed an ogre
  2772 | D:4      | Killed an ogre
  2772 | D:4      | Reached skill level 1 in Staves
  2906 | D:4      | Reached XP level 6. HP: 48/48 MP: 4/6
  2910 | D:4      | Reached skill level 2 in Staves
  2972 | D:4      | Found a hazy altar of Hepliaklqana.
  3068 | D:4      | Reached skill level 3 in Staves
  3148 | D:4      | Gained mutation: You are partially covered in sharp spines.
                  | [demonic ancestry]
  3148 | D:4      | Reached XP level 7. HP: 47/55 MP: 5/7
  3222 | D:4      | Reached skill level 4 in Staves
  3640 | D:5      | Entered Level 5 of the Dungeon
  3662 | D:5      | Noticed Pikel
  3678 | D:5      | Killed Pikel
  3678 | D:5      | Reached skill level 5 in Fighting
  3678 | D:5      | Reached skill level 5 in Staves
  3678 | D:5      | Reached XP level 8. HP: 39/62 MP: 3/8
  3975 | D:5      | Reached skill level 6 in Staves
  4442 | D:6      | Noticed Eustachio
  4589 | D:6      | Reached XP level 9. HP: 68/68 MP: 9/9
  4724 | D:6      | Reached skill level 7 in Staves
  4807 | D:6      | Killed Eustachio
  5622 | D:7      | Found Haofrioq's Weapon Shoppe.
  5696 | D:7      | Reached skill level 5 in Armour
  5737 | D:7      | Noticed a troll
  5744 | D:7      | Killed a troll
  5845 | D:7      | Found a staircase to the Ecumenical Temple.
  5992 | Temple   | Entered the Ecumenical Temple
  6147 | Temple   | Became a worshipper of Gozag Ym Sagoz the Greedy
  6576 | D:8      | Found a runed translucent gate.
  6576 | D:8      | Found a runed translucent gate.
  6576 | D:8      | Found a runed translucent gate.
  6580 | D:8      | Noticed felt's ghost (novice GrFi)
  6582 | D:8      | Found a viscous altar of Jiyva.
  6585 | D:8      | Noticed a glowing shapeshifter
  6585 | D:8      | a jelly changed into a glowing shapeshifter
  6585 | D:8      | Noticed a swamp dragon
  6585 | D:8      | a glowing shapeshifter changed into a swamp dragon
  6587 | D:8      | a swamp dragon changed into a tarantella
  6594 | D:8      | Noticed a death drake
  6601 | D:8      | HP: 2/67 [poisoned by a death drake (dark miasma)]
  6601 | D:8      | Slain by a death drake (glowing shapeshifter)

Levels and vault maps discovered:
D:1:      minmay_arrival_diagonal_passages, layout_loops_ring,
          hangedman_decor_growths
D:2:      layout_loops_cross, uniq_terence, uniq_crazy_yiuf_cottage
D:3:      layout_basic, grunt_ministairs_14
D:4:      layout_basic, lemuel_doored_altar
D:5:      layout_basic, first_ration, uniq_pikel
D:6:      layout_basic, sword_in_stone
D:7:      layout_rooms, minmay_temple_entry_drinking_statues, serial_shops, shop
D:8:      layout_basic, old_standard_altar, gammafunk_ghost_ooze, uniq_harold
Temple:   regret_index_temple_chain_breaker

Skill      XL: |  1  2  3  4  5  6  7  8  9 |
---------------+----------------------------+-----
Maces & Flails | 3 |  3.8
Dodging        | 3 |  3.7
Armour         | 1 2 3 4 6 |  6.5
Stealth        | 2 3 4 |  4.5
Short Blades   | 1 |  1.7
Fighting       | 4 5 6 |  6.1
Staves         | 1 3 5 6 7 |  7.8
Evocations     | |  0.6

Action                   |  1- 3 |  4- 6 |  7- 9 || total
-------------------------+-------+-------+-------++-------
Melee: Mace              |    35 |       |       ||    35
       Short sword       |    51 |    32 |       ||    83
       Quarterstaff      |       |   108 |   216 ||   324
       Unarmed           |       |       |     1 ||     1
 Abil: Evoke Berserk Rag |       |       |     1 ||     1
  Use: Scroll            |       |     4 |       ||     4
 Stab: Sleeping          |     2 |       |       ||     2
       Petrified         |       |       |     7 ||     7
       Paralysed         |       |       |     4 ||     4
       Confused          |       |       |     1 ||     1
       Petrifying        |       |       |     1 ||     1
  Eat: Chunk             |       |     4 |     5 ||     9
       Ration            |       |     1 |     5 ||     6
Armor: Chain mail        |    23 |       |       ||    23
       Ring mail         |     2 |       |       ||     2
       Robe              |     1 |       |       ||     1
       Plate armour      |    20 |   138 |   157 ||   315
Dodge: Dodged            |    28 |    26 |    71 ||   125
Block: Shield            |       |     3 |       ||     3

Table legend:
 A = Non-vault XP
 B = Vault XP
 C = Vault XP percentage of total XP
 D = Non-vault monster count
 E = Vault monster count
 F = Vault count percentage of total count
                 A         B        C        D         E       F
            +---------+---------+-------+---------+---------+-------
      Total |    3541 |    1455 |  29.1 |     118 |       9 |   7.1
            +---------+---------+-------+---------+---------+-------
        D:1 |      30 |       0 |   0.0 |      14 |       0 |   0.0
        D:2 |      50 |      76 |  60.3 |      17 |       2 |  10.5
        D:3 |      44 |      15 |  25.4 |      18 |       2 |  10.0
        D:4 |     827 |       0 |   0.0 |      25 |       0 |   0.0
        D:5 |     587 |     651 |  52.6 |      14 |       1 |   6.7
        D:6 |     571 |     457 |  44.5 |      12 |       3 |  20.0
        D:7 |    1400 |       0 |   0.0 |      17 |       0 |   0.0
        D:8 |      32 |     256 |  88.9 |       1 |       1 |  50.0
            +---------+---------+-------+---------+---------+-------
